 Dungeon Crawl Stone Soup version 0.32-a0-422-g28b100f618 (webtiles) character file.

Game seed: 17717322918608085320

31 adelrune the Covered (level 3, 31/31 HPs)
             Began as an Armataur Fighter on Feb 21, 2024.
             Was a Follower of Sif Muna.
             Got out of the dungeon alive.
             The game lasted 00:01:40 (856 turns).

adelrune the Covered (Armataur Fighter)              Turns: 856, Time: 00:01:41

Health: 31/31      AC: 12    Str: 23    XL:     3   Next: 7%
Magic:  3/3        EV:  7    Int:  8    God:    Sif Muna [*.....]
Gold:   38         SH:  4    Dex:  9    Spells: 2/2 levels left

rFire   . . .        a - +0 flail
rCold   . . .        c - +0 buckler
rNeg    . . .        b - +0 scale mail
rPois   .            j - +0 helmet
rElec   .            (no cloak)
rCorr   .            (no gloves)
SInv    .            (no barding)
Will    .....        (no amulet) Stlth
                     k - +4 ring of protection
HPRegen 0.25/turn    (no ring)
MPRegen 0.08/turn

%: roll
@: no status effects
A: large, deformed body, tough skin 3, armoured tail, roll 1
a: Renounce Religion, Channel Magic


You escaped.
You worshipped Sif Muna.
Sif Muna was aware of your devotion.
You visited 1 branch of the dungeon, and saw 1 of its levels.

You collected 38 gold pieces.

Inventory:

Hand Weapons
 a - a +0 flail (weapon)
Armour
 b - a +0 scale mail (worn)
 c - a +0 buckler (worn)
 j - a +0 helmet (worn)
 n - a +0 tower shield
Jewellery
 k - a +4 ring of protection (left hand)
Scrolls
 e - a scroll of fear {unknown}
 g - a scroll of identify {unknown}
 i - a scroll of amnesia {unknown}
 m - a scroll of enchant armour {unknown}
Potions
 d - a potion of might
 f - a potion of magic {unknown}
 h - a potion of lignification {unknown}
 l - 2 potions of ambrosia {unknown}
 o - a potion of curing {unknown}


   Skills:
 + Level 3.0 Fighting
 * Level 2.4 Maces & Flails
 + Level 4.0 Armour
 + Level 3.6 Shields


You had 2 spell levels left.
You didn't know any spells.
Your spell library was empty.

Dungeon Overview and Level Annotations

Branches:
Dungeon (1/15)

Altars:
Sif Muna


Innate Abilities, Weirdness & Mutations

Armour fits poorly on your strangely shaped body.
You have extremely tough skin. (AC +3)
You have a long armoured tail.
You regenerate magic when rolling toward enemies. (Rampage MPRegen)


Message History

You hit the kobold.
The kobold is moderately wounded.
The kobold hits you but does no damage.
You sock the kobold!
You kill the kobold!
Sif Muna accepts your kill.
You have reached level 3!
Your experience leads to an increase in your attributes!
Increase (S)trength, (I)ntelligence, or (D)exterity?
You feel stronger. x2
There is a stone staircase leading down, spattered with blood here.
Things that are here:
a +0 short sword; 5 stones You see here a +0 tower shield.
n - a +0 tower shield
Found a stone staircase leading down.
There is a stone staircase leading down here.
You open the door.
There is an open door here.
o - a golden potion A frilled lizard comes into view.
The frilled lizard hisses angrily.
A frilled lizard is nearby!
You roll towards the frilled lizard!
You closely miss the frilled lizard.
The frilled lizard completely misses you.
You block the frilled lizard's attack.
You hit the frilled lizard.
You kill the frilled lizard!
Sif Muna accepts your kill.
Your Fighting skill increases to level 3!
No target in view!
No target in view!
No target in view!
You see here a +0 dagger.
There is an open door here.
There is a staircase leading out of the dungeon here.
Alright, then stay!
There is a staircase leading out of the dungeon here.
You have escaped!

..~~~≈≈≈≈≈≈≈≈~~~........†...>.#≈≈
..~~~≈≈≈≈≈≈≈≈≈~~....~~~.#.....#≈≈
..~~≈≈≈≈≈≈≈≈≈~~~...~~≈~~##...##≈≈
..~≈≈≈≈≈≈≈≈≈≈~~....~~≈~~≈#####≈≈≈
...~~~≈≈≈≈≈≈≈~~...~~~~≈≈≈≈≈≈≈≈≈≈≈
##..~~~≈≈≈≈≈≈~##'##~≈≈≈≈≈≈≈≈≈≈≈≈~
###.~~≈≈≈≈≈≈≈##...##≈≈≈≈≈≈≈≈≈≈≈≈≈
##..~~≈≈≈≈≈≈≈#.....#≈≈≈≈≈≈≈≈≈≈≈≈≈
##.~~~≈≈≈≈≈≈≈#..@..#≈≈≈≈≈≈≈≈≈≈~~~
#..~~≈≈≈≈≈≈≈≈#..>..#≈≈≈≈≈≈≈≈~≈~..
#.~~≈≈≈≈≈≈≈≈≈##...##≈≈≈≈≈≈≈~~~~..
#..~~≈~≈≈≈≈≈≈≈#####≈≈≈≈≈≈≈≈~~~..#
....~~≈≈≈≈≈≈~≈≈≈≈≈≈≈≈≈≈≈~~~~~..##
.....~~~~≈≈≈~≈~≈≈~≈≈~~~~~~.....##
......~~~~~~~~~~~~~~~~~~....##.##
.#......~~~....~~~~......#####.#.
.............#...............#...


There were no monsters in sight!

Vanquished Creatures
  A dart slug (D:1)
  A ball python (D:1)
  2 endoplasms (D:1)
  A goblin (D:1)
  A quokka (D:1)
  3 bats (D:1)
  4 frilled lizards (D:1)
  3 kobolds (D:1)
  A rat (D:1)
17 creatures vanquished.

Notes
Turn   | Place    | Note
-------+----------+-------------------------------------------
     0 | D:1      | adelrune the Armataur Fighter began the quest for the Orb.
     0 | D:1      | Reached XP level 1. HP: 18/18 MP: 1/1
   191 | D:1      | Reached XP level 2. HP: 10/25 MP: 2/2
   550 | D:1      | Found a faded altar of an unknown god.
   560 | D:1      | Reached skill level 4 in Armour
   574 | D:1      | Prayed at the altar of an unknown god.
   574 | D:1      | Became a worshipper of Sif Muna the Loreminder
   574 | D:1      | Reached * piety under Sif Muna
   641 | D:1      | Reached XP level 3. HP: 30/30 MP: 3/3
   856 | D:$      | Got out of the dungeon alive.

Illustrated notes

Levels and vault maps discovered:
D:1:      minmay_arrival_shoal_huts, layout_loops_corners,
          chequers_ecumenical_altar_simple_redux, minmay_tromino_v4_b

Skill      XL: |  1  2  3 |
---------------+----------+-----
Maces & Flails | 2 |  2.4
Armour         | 4 |  4.0
Fighting       | 3 |  3.0
Shields        | |  3.6

Action                     || total
---------------------------++-------
  Melee: Flail             ||    53
         Tailslap          ||     4
 Armour: Scale mail        ||    42
  Dodge: Dodged            ||    20
  Block: Buckler           ||    14

Table legend: (Time is in decaauts)
 A = Elapsed time spent in this place.
 B = Non-inter-level travel time spent in this place.
 C = Inter-level travel time spent in this place.
 D = Time resting spent in this place.
 E = Time spent auto-exploring this place.
 F = Levels seen in this place.
 G = Mean time per level.
                   A        B        C        D        E       F      G
               +--------+--------+--------+--------+--------+-----+--------+
         Total |    873 |    790 |     83 |     58 |    547 |   1 |  873.0 |
       Dungeon |    873 |    790 |     83 |     58 |    547 |   1 |  873.0 |
               +--------+--------+--------+--------+--------+-----+--------+

Top non-repeatable levels by time:
     D:1: 873 daAuts
